Penguins vs Thunderbirds (R1)

Created - November 21, 2022 at 10:27

Goals
1 2 3 T
Penguins 1 1 2 4
Thunderbirds 1 4 2 7
Shots
1 2 3 T
Penguins 7 8 13 28
Thunderbirds 7 11 14 32

1st period

1. Thunderbirds , Kirill Kaprizov 7 (Griffin Reinhart 4, Filip Hronek 3) at 12:54
2. Penguins , Max Gortz 1 (Curtis Hamilton 1, John Marino 2) at 17:08

Penalties :
Jacob Larsson (Spr) for Interference (Minor) at 1:01, Kirill Kaprizov (Spr) for Hooking (Minor) at 5:39

2nd period

3. Thunderbirds , Filip Hronek 1 (Patrick Brown 8) at 0:38
4. Thunderbirds , Blake Geoffrion 6 (Viktor Baldayev 1) at 1:14
5. Thunderbirds , Kailer Yamamoto 1 (Viktor Baldayev 2, Matt Puempel 1) at 3:45
6. Thunderbirds , Jacob Larsson 1 (Drake Batherson 2, Patrick Brown 9) at 5:11 (PP)
7. Penguins , Iven Barbashev 3 (Adam Brooks 3) at 19:31

Penalties :
Andrew O'Brien (Wil) for Slashing (Minor) at 1:25, Sam Kurker (Wil) for Interference (Minor) at 5:06, Denis Malgin (Wil) for Hooking (Minor) at 9:04, Sam Kurker (Wil) for Hooking (Minor) at 11:46, Denis Malgin (Wil) for Hooking (Minor) at 15:43

3rd period

8. Thunderbirds , Joachim Blichfeld 4 (Patrick Brown 10) at 13:30 (SH)
9. Penguins , Cedric Paquette 6 (Evan Rodrigues 10, Christopher Tanev 6) at 13:42 (PP)
10. Thunderbirds , Timothy Liljegren 1 (Dominik Kahun 3, Blake Geoffrion 5) at 17:30
11. Penguins , Cedric Paquette 7 (Kyle Connor 6, Danny Biega 3) at 17:44

Penalties :
Patrick Brown (Spr) for High sticking (Minor) at 2:15, Matt Puempel (Spr) for Tripping (Minor) at 13:17, Denis Malgin (Wil) for Cross-checking (Minor) at 14:20, John Draeger (Spr) for Hooking (Minor) at 17:56

Goalie Stats

Connor Hellebyuk (Wil), 10 saves from 14 shots - (0.714), 23:45 minutes
Jeremy Swayman (Wil), 15 saves from 18 shots - (0.833), L, 3-3-0, 36:15 minutes
Carter Hutton (Spr), 24 saves from 28 shots - (0.857), W, 6-2-0, 60:00 minutes

Players Stats for Penguins

Player Name              G  A  P  +/- PIM S  H  SB GA TA FO     MP     PP MP  PK MP  
------------------------------------------------------------------------------------
Adam Brooks              0  1  1  -1  0   1  4  0  1  0  8/18   14:51   3:42   0:45 
Andrew O'Brien           0  0  0  -3  2   0  1  2  0  0  0/0    28:46   4:45   4:27 
Anthony Beauvillier      0  0  0  -2  0   2  0  1  1  0  0/0    17:22   3:42   2:55 
Cedric Paquette          2  0  2  -1  0   7  4  1  0  0  8/29   23:31   4:28   3:54 
Christopher Tanev        0  1  1  -3  0   1  0  3  0  0  0/0    28:40   4:36   5:23 
Curtis Hamilton          0  1  1   1  0   3  0  1  0  0  1/1    11:57   0:00   2:36 
Dakota Mermis            0  0  0   1  0   1  2  3  0  0  0/0    15:12   2:28   3:24 
Danny Biega              0  1  1  -2  0   0  1  1  0  1  0/0    14:14   1:08   0:14 
Denis Malgin             0  0  0   1  6   2  1  0  0  0  3/3     9:47   0:00   0:00 
Eetu Luostarinen         0  0  0  -1  0   0  0  0  0  0  0/4     7:24   0:03   0:52 
Evan Rodrigues           0  1  1  -2  0   3  4  0  0  0  1/3    22:07   4:36   2:35 
Gavin Bayreuther         0  0  0   0  0   1  0  1  0  0  0/0    21:30   3:27   4:37 
Iven Barbashev           1  0  1  -1  0   2  2  0  2  0  0/0    17:08   3:42   2:05 
Jeff Malott              0  0  0  -1  0   0  2  0  0  0  0/0     6:18   0:00   0:14 
John Marino              0  1  1   0  0   0  0  0  0  1  0/0    11:58   0:18   1:55 
Kyle Connor              0  1  1  -1  0   1  3  0  0  0  4/6    23:44   4:36   4:04 
Max Gortz                1  0  1   1  0   4  0  0  0  0  1/1     8:55   0:11   0:00 
Sam Kurker               0  0  0  -1  4   0  1  0  0  0  0/0     6:30   0:03   0:00 

Players Stats for Thunderbirds

Player Name              G  A  P  +/- PIM S  H  SB GA TA FO     MP     PP MP  PK MP  
------------------------------------------------------------------------------------
Blake Geoffrion          1  1  2   1  0   2  6  0  0  0  1/1    15:56   4:30   1:17 
Dominik Kahun            0  1  1   1  0   3  1  0  0  0  6/12   14:35   4:30   0:00 
Drake Batherson          0  1  1   2  0   3  2  0  0  1  0/1    20:04   5:30   0:00 
Filip Hronek             1  1  2   2  0   2  1  1  0  1  0/0    23:27   0:00   3:15 
Griffin Reinhart         0  1  1   2  0   1  3  5  0  0  0/0    26:31   4:50   3:18 
Jacob Larsson            1  0  1  -3  2   2  2  1  0  0  0/0    19:58   5:10   1:11 
Joachim Blichfeld        1  0  1   2  0   2  2  1  0  0  3/4    19:14   4:30   4:28 
John Draeger             0  0  0  -2  2   1  2  2  0  1  0/0    23:37   5:10   3:52 
Kailer Yamamoto          1  0  1   1  0   4  1  0  1  0  0/1     8:11   0:00   0:00 
Kirill Kaprizov          1  0  1   2  2   7  1  1  0  0  0/0    21:51   5:25   1:41 
Matt Puempel             0  1  1   1  2   0  1  0  0  0  0/0     8:10   0:00   0:00 
Morgan Frost             0  0  0   1  0   1  0  0  0  0  3/4     9:11   0:00   1:00 
Morgan Geekie            0  0  0  -2  0   1  0  0  0  0  0/3     9:06   0:05   0:19 
Patrick Brown            0  3  3   3  2   1  4  0  0  0  26/38  23:27   5:25   3:17 
Shane Prince             0  0  0  -2  0   0  2  0  0  0  0/1    10:50   0:00   2:21 
Tanner Laczynski         0  0  0  -2  0   0  1  1  1  0  0/0    10:57   0:05   2:19 
Timothy Liljegren        1  0  1   3  0   1  1  0  0  0  0/0    13:57   4:50   0:03 
Viktor Baldayev          0  2  2   4  0   1  1  0  0  1  0/0    12:32   0:00   5:03 

3 Stars

1 - Blake Geoffrion (Spr)
2 - Patrick Brown (Spr)
3 - Filip Hronek (Spr)

Power Play

Penguins - 1 on 5 Attempt(s) - 20.00%
Thunderbirds - 1 on 6 Attempt(s) - 16.67%

Penalty Kill

Penguins - 5 on 6 Attempt(s) - 83.33% - Score 0 goal in Penalty Kill
Thunderbirds - 4 on 5 Attempt(s) - 80.00% - Score 1 goal in Penalty Kill

Team Stat

Penguins - Hits : 25 - Faceoff Wins : 26 - Blocked Shots : 13 - Penalty Minutes : 12
Thunderbirds - Hits : 31 - Faceoff Wins : 39 - Blocked Shots : 12 - Penalty Minutes : 10

Official

Referees : Jacob Brenk and Kendrick Nicholson
Linesman : Andrew Smith and Pierre Racicot

Game Notes

Jeremy Swayman enters game at 3:45 of 2nd period
Dakota Mermis is injured at 5:52 of 3rd period (Left Foot)
17:44 of 3rd period - Penguins goal is going for a video replay. After video review, Goal.

Finance

Level 1 -- Attendance: 1752 (87.60%) -- Ticket Income $61,320
Level 2 -- Attendance: 910 (91.00%) -- Ticket Income $13,650
Total Attendance: 2662 (88.73%)
Total Ticket Income: $74,970
Other Income: $3,748
Total Income: $78,718

Penguins

5 vs 5 Forward 
   Center                   Left Wing                Right Wing               Time % Phy DF OF 
 1 Cedric Paquette          Kyle Connor              Evan Rodrigues           40     1   2  2  
 2 Adam Brooks              Iven Barbashev           Anthony Beauvillier      30     1   2  2  
 3 Denis Malgin             Curtis Hamilton          Max Gortz                20     1   2  2  
 4 Eetu Luostarinen         Jeff Malott              Sam Kurker               10     1   2  2  

5 vs 5 Defense 
   Defense                  Defense                                           Time % Phy DF OF 
 1 Christopher Tanev        Andrew O'Brien                                    40     1   2  2  
 2 Dakota Mermis            Gavin Bayreuther                                  30     1   2  2  
 3 Danny Biega              John Marino                                       20     1   2  2  
 4 Christopher Tanev        Andrew O'Brien                                    10     1   2  2  

PowerPlay Forward 
   Center                   Left Wing                Right Wing               Time % Phy DF OF 
 1 Cedric Paquette          Kyle Connor              Evan Rodrigues           60     1   2  2  
 2 Adam Brooks              Iven Barbashev           Anthony Beauvillier      40     1   2  2  

PowerPlay Defense
   Defense                  Defense                                           Time % Phy DF OF 
 1 Christopher Tanev        Andrew O'Brien                                    60     1   2  2  
 2 Dakota Mermis            Gavin Bayreuther                                  40     1   2  2  

Penalty Kill 4 Players Forward 
   Center                   Wing                     Time % Phy DF OF 
 1 Kyle Connor              Cedric Paquette          60     1   2  2  
 2 Evan Rodrigues           Anthony Beauvillier      40     1   2  2  

Penalty Kill 4 Players Defense
   Defense                  Defense                  Time % Phy DF OF 
 1 Christopher Tanev        Andrew O'Brien           60     1   2  2  
 2 Dakota Mermis            Gavin Bayreuther         40     1   2  2  

Penalty Kill - 3 Players Forward 
   Forward                                           Time % Phy DF OF 
 1 Kyle Connor                                       60     1   2  2  
 2 Cedric Paquette                                   40     1   2  2  

Penalty Kill - 3 Players Defense
   Defense                  Defense                  Time % Phy DF OF 
 1 Christopher Tanev        Andrew O'Brien           60     1   2  2  
 2 Dakota Mermis            Gavin Bayreuther         40     1   2  2  

4 vs 4 Forward 
   Center                   Wing                     Time % Phy DF OF 
 1 Kyle Connor              Cedric Paquette          60     1   2  2  
 2 Evan Rodrigues           Anthony Beauvillier      40     1   2  2  

4 vs 4 Defense
   Defense                  Defense                  Time % Phy DF OF 
 1 Christopher Tanev        Andrew O'Brien           60     1   2  2  
 2 Dakota Mermis            Gavin Bayreuther         40     1   2  2  

Last Minutes Offensive
   Center                   Left Wing                Right Wing               Defense                  Defense                  
   Cedric Paquette          Kyle Connor              Evan Rodrigues           Christopher Tanev        Andrew O'Brien           

Last Minutes Defensive
   Center                   Left Wing                Right Wing               Defense                  Defense                  
   Cedric Paquette          Kyle Connor              Evan Rodrigues           Christopher Tanev        Andrew O'Brien           

Goaltenders
Starting : Connor Hellebyuk         
Backup : Jeremy Swayman           

Extra Forwards
Normal : Max Gortz, Sam Kurker, Curtis Hamilton - PP : Max Gortz, Sam Kurker - PK : Curtis Hamilton
Extra Defensemen
Normal : Danny Biega, John Marino, Dakota Mermis - PP : Danny Biega - PK : John Marino, Dakota Mermis
Penalty Shots
Kyle Connor, Cedric Paquette, Evan Rodrigues, Anthony Beauvillier, Iven Barbashev

Scratches
Brett Pollock (Healthy), Josh Ho-Sang (Healthy), Juuso Ikonen (Healthy), Matthew Finn (Healthy), Austin Strand (Healthy)
Raphael Bussieres (Healthy), Steven Spinner (Healthy), German Rubtsov (Healthy), Anthony Stolarz (Healthy)

Thunderbirds

5 vs 5 Forward 
   Center                   Left Wing                Right Wing               Time % Phy DF OF 
 1 Patrick Brown            Kirill Kaprizov          Drake Batherson          40     0   2  3  
 2 Dominik Kahun            Blake Geoffrion          Joachim Blichfeld        30     0   2  3  
 3 Morgan Geekie            Shane Prince             Tanner Laczynski         20     0   2  3  
 4 Morgan Frost             Matt Puempel             Kailer Yamamoto          10     0   2  3  

5 vs 5 Defense 
   Defense                  Defense                                           Time % Phy DF OF 
 1 Griffin Reinhart         Filip Hronek                                      40     0   2  3  
 2 John Draeger             Jacob Larsson                                     30     0   2  3  
 3 Viktor Baldayev          Timothy Liljegren                                 20     0   2  3  
 4 John Draeger             Filip Hronek                                      10     0   2  3  

PowerPlay Forward 
   Center                   Left Wing                Right Wing               Time % Phy DF OF 
 1 Patrick Brown            Kirill Kaprizov          Drake Batherson          60     0   1  4  
 2 Dominik Kahun            Blake Geoffrion          Joachim Blichfeld        40     0   1  4  

PowerPlay Defense
   Defense                  Defense                                           Time % Phy DF OF 
 1 Griffin Reinhart         Timothy Liljegren                                 60     0   2  3  
 2 John Draeger             Jacob Larsson                                     40     0   2  3  

Penalty Kill 4 Players Forward 
   Center                   Wing                     Time % Phy DF OF 
 1 Patrick Brown            Joachim Blichfeld        60     1   3  1  
 2 Tanner Laczynski         Kirill Kaprizov          40     1   3  1  

Penalty Kill 4 Players Defense
   Defense                  Defense                  Time % Phy DF OF 
 1 John Draeger             Viktor Baldayev          60     1   4  0  
 2 Filip Hronek             Griffin Reinhart         40     1   4  0  

Penalty Kill - 3 Players Forward 
   Forward                                           Time % Phy DF OF 
 1 Joachim Blichfeld                                 60     1   3  1  
 2 Kirill Kaprizov                                   40     1   3  1  

Penalty Kill - 3 Players Defense
   Defense                  Defense                  Time % Phy DF OF 
 1 John Draeger             Viktor Baldayev          60     1   4  0  
 2 Filip Hronek             Griffin Reinhart         40     1   4  0  

4 vs 4 Forward 
   Center                   Wing                     Time % Phy DF OF 
 1 Patrick Brown            Kirill Kaprizov          60     0   2  3  
 2 Dominik Kahun            Drake Batherson          40     0   2  3  

4 vs 4 Defense
   Defense                  Defense                  Time % Phy DF OF 
 1 Griffin Reinhart         Filip Hronek             60     0   2  3  
 2 John Draeger             Jacob Larsson            40     0   2  3  

Last Minutes Offensive
   Center                   Left Wing                Right Wing               Defense                  Defense                  
   Patrick Brown            Kirill Kaprizov          Drake Batherson          Griffin Reinhart         Timothy Liljegren        

Last Minutes Defensive
   Center                   Left Wing                Right Wing               Defense                  Defense                  
   Patrick Brown            Kirill Kaprizov          Joachim Blichfeld        John Draeger             Viktor Baldayev          

Goaltenders
Starting : Carter Hutton            
Backup : Niklas Treutle           

Extra Forwards
Normal : Joachim Blichfeld, Drake Batherson, Kirill Kaprizov - PP : Morgan Geekie, Tanner Laczynski - PK : Shane Prince
Extra Defensemen
Normal : Timothy Liljegren, Viktor Baldayev, Jacob Larsson - PP : Viktor Baldayev - PK : Jacob Larsson, Timothy Liljegren
Penalty Shots
Drake Batherson, Tanner Laczynski, Joachim Blichfeld, Patrick Brown, Kailer Yamamoto

Scratches
Austin Poganski (Healthy), Adam Ruzicka (Healthy), Charles Hudon (Healthy), Jake Walman (Healthy), Jerry D'Amigo (Healthy)
Mitchell Heard (Healthy), Nicklas Jensen (Healthy), Grant Hutton (Healthy), Roberts Lipsbergs (Healthy), Calvin Thurkauf (Healthy)
Dylan Gambrell (Healthy), Kale Clague (Healthy), Artur Kayumov (Healthy), Radim Simek (Sprained Right Finger Injury), Artyom Zagidulin (Healthy)

% Time on Ice - Penguins

Lines # - Real PCT - Wanted PCT - Time Play
Normal Forward
1 - 39% - 40% - 16:26
2 - 26% - 30% - 10:45
3 - 20% - 20% - 8:24
4 - 15% - 10% - 6:04
Normal Defense
1 - 41% - 40% - 17:11
2 - 32% - 30% - 13:30
3 - 23% - 20% - 9:28
4 - 4% - 10% - 1:30
PP Forward
1 - 56% - 60% - 4:39
2 - 44% - 40% - 3:42
PP Defense
1 - 55% - 60% - 4:36
2 - 45% - 40% - 3:45
PK Forward
1 - 71% - 60% - 7:05
2 - 29% - 40% - 2:55
PK Defense
1 - 54% - 60% - 5:23
2 - 46% - 40% - 4:37
PK3 Forward
1 - 0% - 60%
2 - 0% - 40%
PK3 Defense
1 - 0% - 60%
2 - 0% - 40%
44 Forward
1 - 0% - 60%
2 - 0% - 40%
44 Defense
1 - 0% - 60%
2 - 0% - 40%
Last Minute Offensive  - 0:00
Last Minute Defensive  - 0:00
Total
Forward - 60:00
Defense - 60:00

% Time on Ice - Thunderbirds

Lines # - Real PCT - Wanted PCT - Time Play
Normal Forward
1 - 36% - 40% - 14:58
2 - 24% - 30% - 10:05
3 - 20% - 20% - 8:25
4 - 20% - 10% - 8:11
Normal Defense
1 - 46% - 40% - 19:02
2 - 31% - 30% - 12:47
3 - 18% - 20% - 7:36
4 - 5% - 10% - 2:14
PP Forward
1 - 55% - 60% - 5:30
2 - 45% - 40% - 4:30
PP Defense
1 - 48% - 60% - 4:50
2 - 52% - 40% - 5:10
PK Forward
1 - 72% - 60% - 6:02
2 - 28% - 40% - 2:19
PK Defense
1 - 61% - 60% - 5:06
2 - 39% - 40% - 3:15
PK3 Forward
1 - 0% - 60%
2 - 0% - 40%
PK3 Defense
1 - 0% - 60%
2 - 0% - 40%
44 Forward
1 - 0% - 60%
2 - 0% - 40%
44 Defense
1 - 0% - 60%
2 - 0% - 40%
Last Minute Offensive  - 0:00
Last Minute Defensive  - 0:00
Total
Forward - 60:00
Defense - 60:00

Play-by-Play

1st period


0:01 of 1st period - Patrick Brown wins face-off versus Cedric Paquette in neutral zone.
0:28 of 1st period - Dominik Kahun is hit by Iven Barbashev and loses puck.
0:49 of 1st period - Wrist shot by Curtis Hamilton.
0:49 of 1st period - Stopped by Carter Hutton with a rebound.
1:01 of 1st period - Minor Penalty to Jacob Larsson for Interference.
1:02 of 1st period - Cedric Paquette wins face-off versus Patrick Brown in Thunderbirds zone.
3:01 of 1st period - Penalty to Jacob Larsson is over, Jacob Larsson is back on ice.
3:26 of 1st period - Max Gortz is hit by Blake Geoffrion and loses puck.
4:42 of 1st period - Griffin Reinhart is hit by Kyle Connor and loses puck.
4:54 of 1st period - Off-side.
4:55 of 1st period - Dominik Kahun wins face-off versus Eetu Luostarinen in neutral zone.
5:00 of 1st period - Snap shot by Joachim Blichfeld.
5:00 of 1st period - Deflect By Sam Kurker.
5:00 of 1st period - Stopped by Connor Hellebyuk with a rebound.
5:39 of 1st period - Minor Penalty to Kirill Kaprizov for Hooking.
5:40 of 1st period - Patrick Brown wins face-off versus Cedric Paquette in Thunderbirds zone.
5:40 of 1st period - Patrick Brown is hit by Andrew O'Brien.
5:54 of 1st period - Wrist shot by Evan Rodrigues.
5:54 of 1st period - Stopped by Carter Hutton with a rebound.
5:56 of 1st period - Slapshot by Christopher Tanev.
5:56 of 1st period - Shot Blocked by Joachim Blichfeld.
6:38 of 1st period - Snap shot by Tanner Laczynski.
6:38 of 1st period - Shot Misses the Net.
6:40 of 1st period - Snap shot by Tanner Laczynski.
6:40 of 1st period - Shot Misses the Net.
7:28 of 1st period - Evan Rodrigues is hit by Blake Geoffrion and loses puck.
7:39 of 1st period - Penalty to Kirill Kaprizov is over, Kirill Kaprizov is back on ice.
7:43 of 1st period - John Draeger is hit by Adam Brooks.
7:59 of 1st period - Backhand shot by Kailer Yamamoto.
7:59 of 1st period - Stopped by Connor Hellebyuk with a rebound.
8:17 of 1st period - Shane Prince is hit by Jeff Malott and loses puck.
8:52 of 1st period - Kyle Connor is hit by Blake Geoffrion and loses puck.
8:57 of 1st period - Wrist shot by Joachim Blichfeld.
8:57 of 1st period - Shot Blocked by Cedric Paquette.
9:22 of 1st period - Anthony Beauvillier is hit by Patrick Brown and loses puck.
9:33 of 1st period - Christopher Tanev is hit by Joachim Blichfeld.
10:00 of 1st period - John Marino is hit by Kailer Yamamoto and loses puck.
10:19 of 1st period - Patrick Brown is hit by Evan Rodrigues and loses puck.
11:17 of 1st period - Icing by Kirill Kaprizov.
11:18 of 1st period - Patrick Brown wins face-off versus Eetu Luostarinen in Thunderbirds zone.
11:23 of 1st period - Eetu Luostarinen is hit by Patrick Brown and loses puck.
12:18 of 1st period - Off-side.
12:19 of 1st period - Denis Malgin wins face-off versus Morgan Geekie in neutral zone.
12:24 of 1st period - Wrist shot by Max Gortz.
12:24 of 1st period - Shot Misses the Net.
12:48 of 1st period - Wrist shot by Kirill Kaprizov.
12:48 of 1st period - Stopped by Connor Hellebyuk with a rebound.
12:50 of 1st period - Slapshot by Filip Hronek.
12:50 of 1st period - Shot Blocked by Danny Biega.
12:52 of 1st period - Wrist shot by Griffin Reinhart.
12:52 of 1st period - Deflect By Kirill Kaprizov.
12:52 of 1st period - Stopped by Connor Hellebyuk with a rebound.
12:54 of 1st period - Snap shot by Kirill Kaprizov.
12:54 of 1st period - Goal by Kirill Kaprizov - Penguins : 0 - Thunderbirds : 1.
12:55 of 1st period - Patrick Brown wins face-off versus Cedric Paquette in neutral zone.
13:22 of 1st period - Wrist shot by Dominik Kahun.
13:22 of 1st period - Stopped by Connor Hellebyuk without a rebound.
13:23 of 1st period - Dominik Kahun wins face-off versus Adam Brooks in Penguins zone.
13:38 of 1st period - John Draeger is hit by Adam Brooks and loses puck.
14:16 of 1st period - Snap shot by Denis Malgin.
14:16 of 1st period - Deflect By Curtis Hamilton.
14:16 of 1st period - Shot Misses the Net.
14:16 of 1st period - Puck is out of play.
14:17 of 1st period - Denis Malgin wins face-off versus Morgan Geekie in Thunderbirds zone.
14:22 of 1st period - Snap shot by Max Gortz.
14:22 of 1st period - Stopped by Carter Hutton with a rebound.
14:44 of 1st period - Andrew O'Brien is hit by Griffin Reinhart and loses puck.
15:03 of 1st period - Snap shot by Max Gortz.
15:03 of 1st period - Shot Misses the Net.
15:05 of 1st period - Slapshot by Christopher Tanev.
15:05 of 1st period - Stopped by Carter Hutton without a rebound.
15:06 of 1st period - Patrick Brown wins face-off versus Cedric Paquette in Thunderbirds zone.
15:15 of 1st period - Patrick Brown is hit by Dakota Mermis and loses puck.
15:52 of 1st period - Off-side.
15:53 of 1st period - Morgan Frost wins face-off versus Eetu Luostarinen in neutral zone.
16:19 of 1st period - Danny Biega is hit by Viktor Baldayev and loses puck.
16:26 of 1st period - Snap shot by Kirill Kaprizov.
16:26 of 1st period - Stopped by Connor Hellebyuk with a rebound.
16:28 of 1st period - Slapshot by Patrick Brown.
16:28 of 1st period - Shot Hit the Post.
16:46 of 1st period - Anthony Beauvillier is hit by Filip Hronek and loses puck.
17:01 of 1st period - John Draeger is hit by Denis Malgin and loses puck.
17:08 of 1st period - Snap shot by Max Gortz.
17:08 of 1st period - Goal by Max Gortz - Penguins : 1 - Thunderbirds : 1.
17:09 of 1st period - Patrick Brown wins face-off versus Cedric Paquette in neutral zone.
17:24 of 1st period - Snap shot by Kirill Kaprizov.
17:24 of 1st period - Shot Misses the Net.
17:36 of 1st period - Adam Brooks is hit by Joachim Blichfeld and loses puck.
17:41 of 1st period - Snap shot by Dominik Kahun.
17:41 of 1st period - Shot Misses the Net.
17:45 of 1st period - Wrist shot by Dominik Kahun.
17:45 of 1st period - Shot Misses the Net.
18:08 of 1st period - Snap shot by Curtis Hamilton.
18:08 of 1st period - Stopped by Carter Hutton without a rebound.
18:09 of 1st period - Morgan Frost wins face-off versus Cedric Paquette in Thunderbirds zone.
18:36 of 1st period - Anthony Beauvillier is hit by Patrick Brown and loses puck.
19:15 of 1st period - Viktor Baldayev is hit by Cedric Paquette and loses puck.
19:22 of 1st period - Shane Prince is hit by Evan Rodrigues and loses puck.
19:41 of 1st period - John Draeger is hit by Jeff Malott and loses puck.
19:58 of 1st period - Wrist shot by Anthony Beauvillier.
19:58 of 1st period - Stopped by Carter Hutton without a rebound.
19:59 of 1st period - Patrick Brown wins face-off versus Adam Brooks in Thunderbirds zone.
Goals for this period are 1 for Penguins vs 1 for Thunderbirds.
Shots for this period are 7 for Penguins vs 7 for Thunderbirds.

2nd period


0:01 of 2nd period - Patrick Brown wins face-off versus Cedric Paquette in neutral zone.
0:04 of 2nd period - Wrist shot by Drake Batherson.
0:04 of 2nd period - Shot Hit the Post.
0:06 of 2nd period - Snap shot by Kirill Kaprizov.
0:06 of 2nd period - Stopped by Connor Hellebyuk with a rebound.
0:08 of 2nd period - Snap shot by Kirill Kaprizov.
0:08 of 2nd period - Deflect By Drake Batherson.
0:08 of 2nd period - Stopped by Connor Hellebyuk without a rebound.
0:09 of 2nd period - Patrick Brown wins face-off versus Cedric Paquette in Penguins zone.
0:16 of 2nd period - Wrist shot by Kirill Kaprizov.
0:16 of 2nd period - Shot Blocked by Andrew O'Brien.
0:18 of 2nd period - Slapshot by Filip Hronek.
0:18 of 2nd period - Shot Misses the Net.
0:20 of 2nd period - Slapshot by Griffin Reinhart.
0:20 of 2nd period - Shot Hit the Post.
0:22 of 2nd period - Snap shot by Filip Hronek.
0:22 of 2nd period - Deflect By Kirill Kaprizov.
0:22 of 2nd period - Shot Blocked by Christopher Tanev.
0:22 of 2nd period - Puck is out of play.
0:23 of 2nd period - Adam Brooks wins face-off versus Patrick Brown in Penguins zone.
0:23 of 2nd period - Adam Brooks is hit by Kirill Kaprizov.
0:32 of 2nd period - Off-side.
0:33 of 2nd period - Patrick Brown wins face-off versus Adam Brooks in neutral zone.
0:38 of 2nd period - Slapshot by Filip Hronek.
0:38 of 2nd period - Goal by Filip Hronek - Penguins : 1 - Thunderbirds : 2.
0:39 of 2nd period - Patrick Brown wins face-off versus Cedric Paquette in neutral zone.
0:45 of 2nd period - Snap shot by Cedric Paquette.
0:45 of 2nd period - Stopped by Carter Hutton without a rebound.
0:46 of 2nd period - Patrick Brown wins face-off versus Cedric Paquette in Thunderbirds zone.
0:46 of 2nd period - Patrick Brown is hit by Cedric Paquette.
1:14 of 2nd period - Backhand shot by Blake Geoffrion.
1:14 of 2nd period - Goal by Blake Geoffrion - Penguins : 1 - Thunderbirds : 3.
1:15 of 2nd period - Patrick Brown wins face-off versus Cedric Paquette in neutral zone.
1:22 of 2nd period - Slapshot by Griffin Reinhart.
1:22 of 2nd period - Deflect By Patrick Brown.
1:22 of 2nd period - Stopped by Connor Hellebyuk without a rebound.
1:23 of 2nd period - Cedric Paquette wins face-off versus Patrick Brown in Penguins zone.
1:25 of 2nd period - Minor Penalty to Andrew O'Brien for Slashing.
1:26 of 2nd period - Kyle Connor wins face-off versus Patrick Brown in Penguins zone.
2:33 of 2nd period - Cedric Paquette is hit by John Draeger and loses puck.
2:44 of 2nd period - Dominik Kahun is hit by Dakota Mermis.
3:25 of 2nd period - Penalty to Andrew O'Brien is over, Andrew O'Brien is back on ice.
3:41 of 2nd period - Snap shot by Matt Puempel.
3:41 of 2nd period - Shot Misses the Net.
3:43 of 2nd period - Slapshot by Viktor Baldayev.
3:43 of 2nd period - Stopped by Connor Hellebyuk with a rebound.
3:45 of 2nd period - Snap shot by Kailer Yamamoto.
3:45 of 2nd period - Goal by Kailer Yamamoto - Penguins : 1 - Thunderbirds : 4.
3:45 of 2nd period - Jeremy Swayman enters game.
3:46 of 2nd period - Cedric Paquette wins face-off versus Dominik Kahun in neutral zone.
4:44 of 2nd period - Slapshot by Curtis Hamilton.
4:44 of 2nd period - Shot Misses the Net.
4:46 of 2nd period - Slapshot by Christopher Tanev.
4:46 of 2nd period - Shot Misses the Net.
5:06 of 2nd period - Minor Penalty to Sam Kurker for Interference.
5:07 of 2nd period - Patrick Brown wins face-off versus Kyle Connor in Penguins zone.
5:07 of 2nd period - Snap shot by Drake Batherson.
5:07 of 2nd period - Shot Misses the Net.
5:09 of 2nd period - Slapshot by Jacob Larsson.
5:09 of 2nd period - Shot Blocked by Christopher Tanev.
5:11 of 2nd period - Slapshot by Jacob Larsson.
5:11 of 2nd period - Goal by Jacob Larsson - Penguins : 1 - Thunderbirds : 5.
5:12 of 2nd period - Patrick Brown wins face-off versus Cedric Paquette in neutral zone.
6:04 of 2nd period - Cedric Paquette is hit by Griffin Reinhart and loses puck.
6:33 of 2nd period - Morgan Frost is hit by Cedric Paquette and loses puck.
6:42 of 2nd period - Wrist shot by Cedric Paquette.
6:42 of 2nd period - Stopped by Carter Hutton with a rebound.
6:44 of 2nd period - Wrist shot by Evan Rodrigues.
6:44 of 2nd period - Shot Misses the Net.
6:46 of 2nd period - Wrist shot by Evan Rodrigues.
6:46 of 2nd period - Stopped by Carter Hutton with a rebound.
6:48 of 2nd period - Wrist shot by Evan Rodrigues.
6:48 of 2nd period - Shot Blocked by Filip Hronek.
6:50 of 2nd period - Snap shot by Kyle Connor.
6:50 of 2nd period - Shot Misses the Net.
7:24 of 2nd period - Slapshot by Cedric Paquette.
7:24 of 2nd period - Shot Misses the Net.
7:26 of 2nd period - Snap shot by Kyle Connor.
7:26 of 2nd period - Shot Blocked by Griffin Reinhart.
7:30 of 2nd period - Snap shot by Kyle Connor.
7:30 of 2nd period - Shot Blocked by Griffin Reinhart.
7:39 of 2nd period - Slapshot by Andrew O'Brien.
7:39 of 2nd period - Deflect By Evan Rodrigues.
7:39 of 2nd period - Shot Misses the Net.
7:39 of 2nd period - Puck is out of play.
7:40 of 2nd period - Adam Brooks wins face-off versus Patrick Brown in Thunderbirds zone.
8:28 of 2nd period - Snap shot by Morgan Geekie.
8:28 of 2nd period - Stopped by Jeremy Swayman with a rebound.
8:48 of 2nd period - Drake Batherson is hit by Danny Biega and loses puck.
9:04 of 2nd period - Minor Penalty to Denis Malgin for Hooking.
9:05 of 2nd period - Curtis Hamilton wins face-off versus Patrick Brown in Penguins zone.
9:18 of 2nd period - Snap shot by Drake Batherson.
9:18 of 2nd period - Shot Blocked by Anthony Beauvillier.
9:20 of 2nd period - Snap shot by Kirill Kaprizov.
9:20 of 2nd period - Shot Misses the Net.
9:35 of 2nd period - Slapshot by Griffin Reinhart.
9:35 of 2nd period - Stopped by Jeremy Swayman with a rebound.
10:02 of 2nd period - Iven Barbashev is hit by Blake Geoffrion and loses puck.
11:04 of 2nd period - Penalty to Denis Malgin is over, Denis Malgin is back on ice.
11:11 of 2nd period - Gavin Bayreuther is hit by John Draeger and loses puck.
11:20 of 2nd period - Snap shot by Kyle Connor.
11:20 of 2nd period - Shot Blocked by Tanner Laczynski.
11:32 of 2nd period - Wrist shot by Kyle Connor.
11:32 of 2nd period - Stopped by Carter Hutton without a rebound.
11:33 of 2nd period - Morgan Frost wins face-off versus Eetu Luostarinen in Thunderbirds zone.
11:33 of 2nd period - Morgan Frost is hit by Sam Kurker.
11:46 of 2nd period - Minor Penalty to Sam Kurker for Hooking.
11:47 of 2nd period - Kyle Connor wins face-off versus Patrick Brown in Penguins zone.
13:46 of 2nd period - Penalty to Sam Kurker is over, Sam Kurker is back on ice.
14:01 of 2nd period - Sam Kurker is hit by Jacob Larsson and loses puck.
14:14 of 2nd period - Morgan Frost is hit by Adam Brooks and loses puck.
14:25 of 2nd period - Snap shot by Kailer Yamamoto.
14:25 of 2nd period - Shot Misses the Net.
14:35 of 2nd period - Curtis Hamilton is hit by Shane Prince and loses puck.
15:06 of 2nd period - Slapshot by Kailer Yamamoto.
15:06 of 2nd period - Stopped by Jeremy Swayman with a rebound.
15:43 of 2nd period - Minor Penalty to Denis Malgin for Hooking.
15:44 of 2nd period - Kyle Connor wins face-off versus Dominik Kahun in Penguins zone.
16:16 of 2nd period - Snap shot by Patrick Brown.
16:16 of 2nd period - Deflect By Gavin Bayreuther.
16:16 of 2nd period - Shot Blocked by Dakota Mermis.
16:16 of 2nd period - Puck is out of play.
16:17 of 2nd period - Patrick Brown wins face-off versus Evan Rodrigues in Penguins zone.
17:14 of 2nd period - Snap shot by Cedric Paquette.
17:14 of 2nd period - Shot Misses the Net.
17:24 of 2nd period - John Draeger is hit by Evan Rodrigues.
17:43 of 2nd period - Penalty to Denis Malgin is over, Denis Malgin is back on ice.
18:02 of 2nd period - Off-side.
18:03 of 2nd period - Adam Brooks wins face-off versus Kailer Yamamoto in neutral zone.
18:06 of 2nd period - Slapshot by Dakota Mermis.
18:06 of 2nd period - Stopped by Carter Hutton with a rebound.
18:46 of 2nd period - Icing by Andrew O'Brien.
18:47 of 2nd period - Patrick Brown wins face-off versus Kyle Connor in Penguins zone.
19:00 of 2nd period - Snap shot by Cedric Paquette.
19:00 of 2nd period - Stopped by Carter Hutton with a rebound.
19:08 of 2nd period - Kirill Kaprizov is hit by Evan Rodrigues and loses puck.
19:29 of 2nd period - Slapshot by Cedric Paquette.
19:29 of 2nd period - Stopped by Carter Hutton without a rebound.
19:30 of 2nd period - Adam Brooks wins face-off versus Dominik Kahun in Thunderbirds zone.
19:31 of 2nd period - Slapshot by Iven Barbashev.
19:31 of 2nd period - Goal by Iven Barbashev - Penguins : 2 - Thunderbirds : 5.
19:32 of 2nd period - Patrick Brown wins face-off versus Adam Brooks in neutral zone.
19:37 of 2nd period - Slapshot by Griffin Reinhart.
19:37 of 2nd period - Shot Blocked by Dakota Mermis.
19:49 of 2nd period - Adam Brooks is hit by Patrick Brown and loses puck.
19:59 of 2nd period - Off-side.
Goals for this period are 1 for Penguins vs 4 for Thunderbirds.
Shots for this period are 8 for Penguins vs 11 for Thunderbirds.

3rd period


0:01 of 3rd period - Patrick Brown wins face-off versus Adam Brooks in neutral zone.
0:16 of 3rd period - Wrist shot by Iven Barbashev.
0:16 of 3rd period - Shot Misses the Net.
0:26 of 3rd period - Cedric Paquette is hit by Blake Geoffrion and loses puck.
0:51 of 3rd period - Slapshot by Gavin Bayreuther.
0:51 of 3rd period - Shot Blocked by Griffin Reinhart.
0:53 of 3rd period - Snap shot by Max Gortz.
0:53 of 3rd period - Stopped by Carter Hutton without a rebound.
0:54 of 3rd period - Patrick Brown wins face-off versus Adam Brooks in Thunderbirds zone.
1:00 of 3rd period - Off-side.
1:01 of 3rd period - Adam Brooks wins face-off versus Patrick Brown in neutral zone.
1:07 of 3rd period - Icing by Drake Batherson.
1:08 of 3rd period - Patrick Brown wins face-off versus Cedric Paquette in Thunderbirds zone.
1:17 of 3rd period - Christopher Tanev is hit by Drake Batherson and loses puck.
1:44 of 3rd period - Slapshot by Christopher Tanev.
1:44 of 3rd period - Shot Misses the Net.
1:56 of 3rd period - Snap shot by Morgan Frost.
1:56 of 3rd period - Stopped by Jeremy Swayman with a rebound.
1:58 of 3rd period - Wrist shot by Matt Puempel.
1:58 of 3rd period - Deflect By Kailer Yamamoto.
1:58 of 3rd period - Shot Misses the Net.
1:58 of 3rd period - Puck is out of play.
1:59 of 3rd period - Max Gortz wins face-off versus Morgan Frost in Penguins zone.
1:59 of 3rd period - Max Gortz is hit by Matt Puempel.
2:09 of 3rd period - Wrist shot by Max Gortz.
2:09 of 3rd period - Stopped by Carter Hutton with a rebound.
2:11 of 3rd period - Slapshot by Denis Malgin.
2:11 of 3rd period - Stopped by Carter Hutton without a rebound.
2:12 of 3rd period - Patrick Brown wins face-off versus Cedric Paquette in Thunderbirds zone.
2:12 of 3rd period - Patrick Brown is hit by Kyle Connor.
2:15 of 3rd period - Minor Penalty to Patrick Brown for High sticking.
2:16 of 3rd period - Evan Rodrigues wins face-off versus Joachim Blichfeld in Thunderbirds zone.
2:21 of 3rd period - Snap shot by Cedric Paquette.
2:21 of 3rd period - Deflect By Kyle Connor.
2:21 of 3rd period - Shot Misses the Net.
2:21 of 3rd period - Puck is out of play.
2:22 of 3rd period - Cedric Paquette wins face-off versus Shane Prince in Thunderbirds zone.
3:11 of 3rd period - Slapshot by Andrew O'Brien.
3:11 of 3rd period - Shot Blocked by Griffin Reinhart.
4:15 of 3rd period - Penalty to Patrick Brown is over, Patrick Brown is back on ice.
4:23 of 3rd period - Wrist shot by Denis Malgin.
4:23 of 3rd period - Stopped by Carter Hutton without a rebound.
4:24 of 3rd period - Denis Malgin wins face-off versus Patrick Brown in Thunderbirds zone.
4:32 of 3rd period - Off-side.
4:33 of 3rd period - Adam Brooks wins face-off versus Patrick Brown in neutral zone.
4:58 of 3rd period - Filip Hronek is hit by Cedric Paquette and loses puck.
5:36 of 3rd period - Wrist shot by Blake Geoffrion.
5:36 of 3rd period - Stopped by Jeremy Swayman with a rebound.
5:38 of 3rd period - Snap shot by Dominik Kahun.
5:38 of 3rd period - Shot Hit the Post.
5:40 of 3rd period - Snap shot by Filip Hronek.
5:40 of 3rd period - Shot Misses the Net.
5:42 of 3rd period - Slapshot by Filip Hronek.
5:42 of 3rd period - Deflect By Sam Kurker.
5:42 of 3rd period - Stopped by Jeremy Swayman without a rebound.
5:43 of 3rd period - Patrick Brown wins face-off versus Cedric Paquette in Penguins zone.
5:52 of 3rd period - Wrist shot by Drake Batherson.
5:52 of 3rd period - Shot Blocked by Dakota Mermis.
5:52 of 3rd period - Dakota Mermis from Penguins is injured at 5:52 of 3rd period (Left Foot).
5:53 of 3rd period - Cedric Paquette wins face-off versus Patrick Brown in Penguins zone.
6:05 of 3rd period - Slapshot by Jacob Larsson.
6:05 of 3rd period - Shot Blocked by Christopher Tanev.
6:07 of 3rd period - Wrist shot by Jacob Larsson.
6:07 of 3rd period - Stopped by Jeremy Swayman without a rebound.
6:08 of 3rd period - Dominik Kahun wins face-off versus Adam Brooks in Penguins zone.
6:20 of 3rd period - Danny Biega is hit by Dominik Kahun and loses puck.
6:40 of 3rd period - Kyle Connor is hit by Jacob Larsson and loses puck.
7:20 of 3rd period - Slapshot by Gavin Bayreuther.
7:20 of 3rd period - Shot Blocked by Griffin Reinhart.
7:22 of 3rd period - Snap shot by Gavin Bayreuther.
7:22 of 3rd period - Stopped by Carter Hutton without a rebound.
7:23 of 3rd period - Patrick Brown wins face-off versus Cedric Paquette in Thunderbirds zone.
7:28 of 3rd period - Slapshot by Drake Batherson.
7:28 of 3rd period - Shot Misses the Net.
7:30 of 3rd period - Slapshot by Viktor Baldayev.
7:30 of 3rd period - Shot Misses the Net.
7:32 of 3rd period - Snap shot by Patrick Brown.
7:32 of 3rd period - Shot Blocked by Andrew O'Brien.
7:34 of 3rd period - Snap shot by Kirill Kaprizov.
7:34 of 3rd period - Shot Misses the Net.
7:36 of 3rd period - Slapshot by Viktor Baldayev.
7:36 of 3rd period - Shot Misses the Net.
7:38 of 3rd period - Wrist shot by Kirill Kaprizov.
7:38 of 3rd period - Stopped by Jeremy Swayman without a rebound.
7:39 of 3rd period - Joachim Blichfeld wins face-off versus Adam Brooks in Penguins zone.
7:44 of 3rd period - Snap shot by Dominik Kahun.
7:44 of 3rd period - Stopped by Jeremy Swayman without a rebound.
7:45 of 3rd period - Dominik Kahun wins face-off versus Adam Brooks in Penguins zone.
7:46 of 3rd period - Wrist shot by Blake Geoffrion.
7:46 of 3rd period - Shot Misses the Net.
8:10 of 3rd period - Wrist shot by Cedric Paquette.
8:10 of 3rd period - Stopped by Carter Hutton with a rebound.
8:36 of 3rd period - Snap shot by Curtis Hamilton.
8:36 of 3rd period - Stopped by Carter Hutton with a rebound.
8:38 of 3rd period - Snap shot by Denis Malgin.
8:38 of 3rd period - Deflect By Max Gortz.
8:38 of 3rd period - Shot Blocked by John Draeger.
8:38 of 3rd period - Puck is out of play.
8:39 of 3rd period - Dominik Kahun wins face-off versus Adam Brooks in Thunderbirds zone.
8:54 of 3rd period - Snap shot by Dominik Kahun.
8:54 of 3rd period - Stopped by Jeremy Swayman with a rebound.
9:04 of 3rd period - Kyle Connor is hit by Drake Batherson and loses puck.
9:17 of 3rd period - Patrick Brown is hit by Kyle Connor and loses puck.
9:40 of 3rd period - Gavin Bayreuther is hit by Shane Prince and loses puck.
10:13 of 3rd period - Adam Brooks is hit by Griffin Reinhart and loses puck.
10:43 of 3rd period - Slapshot by Christopher Tanev.
10:43 of 3rd period - Shot Misses the Net.
10:45 of 3rd period - Snap shot by Adam Brooks.
10:45 of 3rd period - Stopped by Carter Hutton with a rebound.
10:51 of 3rd period - Snap shot by Iven Barbashev.
10:51 of 3rd period - Stopped by Carter Hutton without a rebound.
10:52 of 3rd period - Cedric Paquette wins face-off versus Patrick Brown in Thunderbirds zone.
11:02 of 3rd period - Off-side.
11:03 of 3rd period - Patrick Brown wins face-off versus Evan Rodrigues in neutral zone.
11:30 of 3rd period - Danny Biega is hit by Blake Geoffrion and loses puck.
11:35 of 3rd period - Snap shot by Dominik Kahun.
11:35 of 3rd period - Shot Blocked by Curtis Hamilton.
11:37 of 3rd period - Snap shot by Blake Geoffrion.
11:37 of 3rd period - Deflect By Joachim Blichfeld.
11:37 of 3rd period - Shot Misses the Net.
11:37 of 3rd period - Puck is out of play.
11:38 of 3rd period - Blake Geoffrion wins face-off versus Cedric Paquette in Penguins zone.
12:54 of 3rd period - Wrist shot by Kailer Yamamoto.
12:54 of 3rd period - Stopped by Jeremy Swayman with a rebound.
13:17 of 3rd period - Minor Penalty to Matt Puempel for Tripping.
13:18 of 3rd period - Patrick Brown wins face-off versus Cedric Paquette in Thunderbirds zone.
13:30 of 3rd period - Wrist shot by Joachim Blichfeld.
13:30 of 3rd period - Goal by Joachim Blichfeld - Penguins : 2 - Thunderbirds : 6.
13:31 of 3rd period - Joachim Blichfeld wins face-off versus Cedric Paquette in neutral zone.
13:34 of 3rd period - Slapshot by John Draeger.
13:34 of 3rd period - Stopped by Jeremy Swayman with a rebound.
13:42 of 3rd period - Wrist shot by Cedric Paquette.
13:42 of 3rd period - Goal by Cedric Paquette - Penguins : 3 - Thunderbirds : 6.
13:43 of 3rd period - Cedric Paquette wins face-off versus Drake Batherson in neutral zone.
13:58 of 3rd period - Snap shot by Kyle Connor.
13:58 of 3rd period - Shot Blocked by Kirill Kaprizov.
14:13 of 3rd period - Snap shot by Drake Batherson.
14:13 of 3rd period - Shot Misses the Net.
14:15 of 3rd period - Wrist shot by Kirill Kaprizov.
14:15 of 3rd period - Stopped by Jeremy Swayman with a rebound.
14:20 of 3rd period - Minor Penalty to Denis Malgin for Cross-checking.
14:21 of 3rd period - Kyle Connor wins face-off versus Dominik Kahun in Penguins zone.
15:55 of 3rd period - Kirill Kaprizov is hit by Iven Barbashev and loses puck.
16:06 of 3rd period - Snap shot by Drake Batherson.
16:06 of 3rd period - Stopped by Jeremy Swayman with a rebound.
16:20 of 3rd period - Penalty to Denis Malgin is over, Denis Malgin is back on ice.
16:33 of 3rd period - Wrist shot by Drake Batherson.
16:33 of 3rd period - Shot Blocked by Gavin Bayreuther.
16:47 of 3rd period - Curtis Hamilton is hit by Timothy Liljegren and loses puck.
16:56 of 3rd period - Slapshot by Drake Batherson.
16:56 of 3rd period - Stopped by Jeremy Swayman without a rebound.
16:57 of 3rd period - Dominik Kahun wins face-off versus Cedric Paquette in Penguins zone.
17:30 of 3rd period - Slapshot by Timothy Liljegren.
17:30 of 3rd period - Deflect By Sam Kurker.
17:30 of 3rd period - Goal by Timothy Liljegren - Penguins : 3 - Thunderbirds : 7.
17:31 of 3rd period - Cedric Paquette wins face-off versus Morgan Geekie in neutral zone.
17:34 of 3rd period - Slapshot by Danny Biega.
17:34 of 3rd period - Shot Blocked by Jacob Larsson.
17:36 of 3rd period - Slapshot by John Marino.
17:36 of 3rd period - Shot Misses the Net.
17:38 of 3rd period - Wrist shot by Evan Rodrigues.
17:38 of 3rd period - Stopped by Carter Hutton with a rebound.
17:40 of 3rd period - Snap shot by Danny Biega.
17:40 of 3rd period - Shot Blocked by John Draeger.
17:44 of 3rd period - Slapshot by Cedric Paquette.
17:44 of 3rd period - Penguins goal is going for a video replay.
17:44 of 3rd period - The goal is good.
17:44 of 3rd period - Goal by Cedric Paquette - Penguins : 4 - Thunderbirds : 7.
17:45 of 3rd period - Adam Brooks wins face-off versus Dominik Kahun in neutral zone.
17:50 of 3rd period - Wrist shot by Anthony Beauvillier.
17:50 of 3rd period - Stopped by Carter Hutton without a rebound.
17:51 of 3rd period - Adam Brooks wins face-off versus Dominik Kahun in Thunderbirds zone.
17:54 of 3rd period - Slapshot by Anthony Beauvillier.
17:54 of 3rd period - Shot Misses the Net.
17:56 of 3rd period - Minor Penalty to John Draeger for Hooking.
17:57 of 3rd period - Joachim Blichfeld wins face-off versus Cedric Paquette in Thunderbirds zone.
18:28 of 3rd period - Joachim Blichfeld is hit by Adam Brooks and loses puck.
19:12 of 3rd period - Evan Rodrigues is hit by Tanner Laczynski and loses puck.
19:56 of 3rd period - Penalty to John Draeger is over, John Draeger is back on ice.
Goals for this period are 2 for Penguins vs 2 for Thunderbirds.
Shots for this period are 13 for Penguins vs 14 for Thunderbirds.